epic high elo blobbing kappa

Match 36125323
End
Engineer Squad
Construct Barracks
Selects Armored Battlegroup
Selects Assault Engineers
Construct Barracks
Riflemen Squad
Riflemen Squad
Riflemen Squad
Infantry Support Center
Construct Medical Station
M1918 Browning Automatic Rifles
Construct Weapon Support Center
M3 Armored Personnel Carrier
Assault Engineer Squad
Grenade Package
Selects Strength in Steel
Selects M8 Scott SPG
M8 Scott SPG
Selects UNKNOWN (2160077)
Selects M31 Recovery Vehicle
Construct Tank Depot
Selects War Machine
aSIISymbiosis
*Mule
Evelynn
SNIPER
0
0

Comments sign in to comment!

No comments posted yet!